 Dungeon Crawl Stone Soup version 0.18.1-48-g4cf74bf (webtiles) character file.

376 PossumBlood the Magician (level 6, -1/32 HPs)
             Began as a Deep Elf Wizard on Aug 17, 2016.
             Slain by an iguana (13 damage)
             ... on level 4 of the Dungeon.
             The game lasted 00:10:23 (3622 turns).

PossumBlood the Magician (Deep Elf Wizard)          Turns: 3622, Time: 00:10:24

Health: -1/32      AC:  3    Str:  4    XL:     6   Next: 44%
Magic:  8/18       EV: 12    Int: 25    God:
Gold:   134        SH:  0    Dex: 13    Spells: 5 memorised, 10 levels left

rFire  . . .     SeeInvis .     h - +2 dagger (holy)
rCold  . . .     Gourm    .     a - +0 robe
rNeg   . . .     Faith    .     (no shield)
rPois  .         Spirit   .     b - +0 hat
rElec  .         Dismiss  .     (no cloak)
rCorr  .         Reflect  .     o - +0 pair of gloves
SustAt .         Harm     .     (no boots)
MR     +....                    (no amulet)
Stlth  ++........               (no ring)
                                e - ring of protection from magic

@: repel missiles, somewhat resistant to hostile enchantments, unstealthy
A: no striking features
a: no special abilities


You were on level 4 of the Dungeon.
You were not hungry.

You visited 1 branch of the dungeon, and saw 4 of its levels.

You collected 134 gold pieces.

Inventory:

Hand Weapons
 h - a +2 dagger of holy wrath (weapon)
Armour
 a - a +0 robe (worn)
 b - a +0 hat (worn)
 m - the -1 pair of boots of Valiance {MR++ MP-9 Dex+7}
   (You found it on level 4 of the Dungeon)

   It affects your dexterity (+7).
   It affects your resistance to hostile enchantments.
   It affects your magic capacity (-9).
 o - a +0 pair of gloves (worn)
Jewellery
 e - a ring of protection from magic (left hand)
 t - an uncursed ring of teleportation
Scrolls
 j - a scroll of recharging
 k - 2 scrolls of remove curse
 r - a scroll of teleportation
Potions
 f - 2 potions of cancellation
 i - a potion of mutation {unknown}
 l - 2 potions of curing
 n - a potion of cure mutation
 s - a potion of flight
Books
 c - a book of Minor Magic

   Spells                             Type                      Level
   a - Magic Dart                     Conjuration                  1
   b - Blink                          Translocation                2
   c - Call Imp                       Summoning                    2
   d - Repel Missiles                 Charms/Air                   2
   e - Slow                           Hexes                        2
   f - Conjure Flame                  Conjuration/Fire             3
   g - Mephitic Cloud                 Conjuration/Poison/Air       3
Comestibles
 d - 2 bread rations
 q - a royal jelly


   Skills:
 - Level 2.4 Dodging
 - Level 2.4 Stealth
 + Level 7.9 Spellcasting
 + Level 4.9 Conjurations
   Level 1.1 Summonings
 - Level 1.1 Translocations


You had 10 spell levels left.
You knew the following spells:

 Your Spells              Type           Power        Failure   Level  Hunger
a - Magic Dart            Conj           ####         1%          1    None
b - Blink                 Tloc           N/A          8%          2    None
c - Repel Missiles        Chrm/Air       #.....       12%         2    None
d - Slow                  Hex            #.......     12%         2    None
e - Conjure Flame         Conj/Fire      ###.....     10%         3    None


Dungeon Overview and Level Annotations

Branches:
Dungeon (4/15)
 Temple: D:4-7

Altars:
Cheibriados
Elyvilon
Fedhas
Trog
Zin


Message History

The magic dart hits the iguana.
The iguana is severely wounded.
The iguana bites you!
Casting: Magic Dart
Confirm with . or Enter, or press ? or * to list all spells.
Aiming: Magic Dart
Press: ? - help, Shift-Dir - straight line, f/p - iguana
Aim: an iguana (severely wounded)
The magic dart hits the iguana.
The iguana is severely wounded.
The iguana bites you.
Casting: Magic Dart
Confirm with . or Enter, or press ? or * to list all spells.
Aiming: Magic Dart
Press: ? - help, Shift-Dir - straight line, f/p - iguana
Aim: an iguana (severely wounded)
The magic dart hits the iguana.
The iguana is almost dead.
The iguana bites you!
You die...

# ####....†......# ###########
**####....#..#......# #..........
,,........##.#......# #..........
,,..................# #..........
,,.......<..........# #...)......
,,.##+###......##########)###.###
,,,**,* #....#.# #....)# #.#
,,,**,**#....#.######.#######.#
,,,,,,,,........@....>........#
,,,**,,.#....##l##....#########
,,,***#..........#.#.## ,,,*
*,.........#.#.####### ,,,*
*,,..................# ****
*,,..................#
*****,*########..........#
***,,,,,,,*,,,.....#..##.###
*,,,,,*******,###........#


You could see an iguana.

Vanquished Creatures
  A crimson imp (D:3)
  2 orc wizards (D:4)
  A centaur skeleton (D:4)
  Ijyb (D:3)
  3 worker ants (D:4)
  8 adders
  6 worms
  A dart slug (D:3)
  4 giant geckos
  5 orcs
  2 ball pythons
  2 bats
  2 giant cockroaches
  7 goblins
  4 hobgoblins
  4 jackals (D:1)
  5 kobolds
  2 quokkas
  3 giant newts
  8 rats
71 creatures vanquished.

Notes
Turn   | Place    | Note
--------------------------------------------------------------
     0 | D:1      | PossumBlood the Deep Elf Wizard began the quest for the Orb.
     0 | D:1      | Reached XP level 1. HP: 10/10 MP: 7/7
   535 | D:1      | Reached XP level 2. HP: 15/15 MP: 6/9
   586 | D:1      | Reached skill level 5 in Spellcasting
   824 | D:2      | Reached XP level 3. HP: 19/19 MP: 6/11
  1106 | D:2      | Learned a level 2 spell: Blink
  1109 | D:2      | Learned a level 2 spell: Repel Missiles
  1112 | D:2      | Learned a level 2 spell: Slow
  1116 | D:2      | Learned a level 3 spell: Conjure Flame
  1351 | D:2      | Reached XP level 4. HP: 24/24 MP: 9/13
  1474 | D:2      | Found a blossoming altar of Fedhas.
  1475 | D:2      | Found a glowing silver altar of Zin.
  1477 | D:2      | Found a white marble altar of Elyvilon.
  1522 | D:3      | Reached skill level 6 in Spellcasting
  1652 | D:3      | Found a bloodstained altar of Trog.
  1734 | D:3      | Found a snail-covered altar of Cheibriados.
  1991 | D:3      | Reached XP level 5. HP: 28/28 MP: 8/16
  2061 | D:3      | Noticed Ijyb
  2073 | D:3      | Killed Ijyb
  2576 | D:3      | Reached skill level 7 in Spellcasting
  2890 | D:4      | Reached XP level 6. HP: 32/32 MP: 11/18
  3385 | D:4      | Got a pair of translucent boots
  3386 | D:4      | Identified the -1 pair of boots of Valiance {MR++ MP-9 Dex+7} (You found it on level 4 of the Dungeon)
  3622 | D:4      | Slain by an iguana

Skill      XL: |  1  2  3  4  5 |
---------------+----------------+-----
Spellcasting   | 5 6 7 |  7.9
Conjurations   | 2 3 4 |  4.9
Dodging        | |  2.4
Stealth        | |  2.4
Summonings     | |  1.1
Translocations | |  1.1

Action                   |  1- 3 |  4- 6 || total
-------------------------+-------+-------++-------
Melee: Dagger            |     6 |       ||     6
 Cast: Magic Dart        |    75 |   153 ||   228
       Repel Missiles    |       |     1 ||     1
  Use: Scroll            |       |    10 ||    10
  Eat: Fruit             |     1 |     1 ||     2
       Bread ration      |       |     1 ||     1
       Meat ration       |       |     1 ||     1
Armor: Robe              |     3 |     2 ||     5
Dodge: Dodged            |    10 |    16 ||    26
